AoeStats
← perromelocoton

Enclosed

505004361Analyzed
1v1 RM · 24d ago on Sep 7, 2026· 16m 51s· 2 players
Game mode
Random Map
Map size
Tiny (2 player)
Population
200
Speed
Normal
Resources
Standard
Victory
Conquest
Starting age
Dark Age
Ending age
Imperial Age
RankedLock teamsTeams togetherTeam positionsShared explorationLock speedFull tech treeHidden civsTurbo modeCheats
Victory
Defeat
🇲🇽 Wu · Mexico
934
+15
🇪🇸 Gurjaras · Spain
912
-15
perromelocoton
2:22 Loom
10:31 Feudal Age
15:52 Scale Barding Armor
16:36 Bloodlines
G3RM41N
4:10 Loom
9:49 Feudal Age
10:58 Double-Bit Axe
10:57 Man-at-Arms
Connection lost

Rejoining the realm…

Still unreachable

The connection could not be restored.

Session expired

The server has moved on; the page needs a fresh start.